 Dungeon Crawl Stone Soup version 0.29.1-12-g30fa7ad0bf (webtiles) character file.

Game seed: 17993720625311567957

4162 safid the Skirmisher (level 10, -4/88 HPs)
             Began as a Minotaur Hunter on Dec 12, 2022.
             Was a Priest of Okawaru.
             Slain by a wyvern (6 damage)
             ... on level 9 of the Dungeon on Dec 13, 2022.
             The game lasted 00:19:19 (11231 turns).

safid the Skirmisher (Minotaur Hunter)             Turns: 11231, Time: 00:19:19

Health: -4/88      AC:  8    Str: 16    XL:     10   Next: 7%
Magic:  15/15      EV: 11    Int:  6    God:    Okawaru [***...]
Gold:   38         SH:  0    Dex: 18    Spells: 9/9 levels left

rFire   . . .      SeeInvis +   a - +0 shortbow
rCold   . . .      Faith    .   (shield currently unavailable)
rNeg    . . .      Spirit   .   p - +2 ring mail "Gor Xun" {Slay+2}
rPois   +          Reflect  .   (helmet restricted)
rElec   .          Harm     .   (no cloak)
rCorr   .          Rampage  .   (no gloves)
Will    .....                   f - +0 pair of boots
Stlth   +.........              (no amulet)
HPRegen 0.24/turn               g - ring of poison resistance
MPRegen 0.14/turn               r - ring of see invisible

@: no status effects
A: horns 2, retaliatory headbutt
a: Renounce Religion, Heroism


You were on level 9 of the Dungeon.
You worshipped Okawaru.
Okawaru was most pleased with you.
You visited 2 branches of the dungeon, and saw 10 of its levels.

You collected 604 gold pieces.
You spent 566 gold pieces at shops.

Inventory:

Hand Weapons
 a - a +0 shortbow (weapon)
Missiles
 b - 2 throwing nets
 h - 5 javelins
Armour
 f - a +0 pair of boots (worn)
 p - the +2 ring mail "Gor Xun" (worn) {Slay+2}
   (You found it on level 2 of the Dungeon)

   Slay:      It affects your accuracy & damage with ranged weapons and melee
   (+2).
Jewellery
 g - a ring of poison resistance (left hand)
 k - a ring of positive energy
 r - a ring of see invisible (right hand)
 s - a ring of willpower
Wands
 o - a wand of acid (6)
 u - a wand of digging (5)
Scrolls
 d - a scroll of enchant weapon
 e - a scroll of identify
 m - 5 scrolls of teleportation
 n - 2 scrolls of enchant armour
 t - a scroll of brand weapon
Potions
 i - a potion of haste
 j - a potion of lignification
 l - 3 potions of curing
 q - 2 potions of ambrosia
Miscellaneous
 c - a condenser vane


   Skills:
 - Level 8.0 Fighting
 + Level 11.7 Ranged Weapons
 - Level 2.1 Dodging
 - Level 0.7 Stealth
 + Level 8.5 Invocations


You had 9 spell levels left.
You didn't know any spells.
Your spell library contained the following spells:

 Spells                   Type           Power      Damage    Failure   Level
 Slow                     Hex            0%         N/A       67%         1
 Scorch                   Fire           0%         2d5       82%         2
 Confusing Touch          Hex            0%         N/A       96%         3
 Frozen Ramparts          Ice            0%         1d1       96%         3
 Gell's Gravitas          Tloc           0%         N/A       96%         3
 Inner Flame              Hex/Fire       0%         N/A       96%         3
 Ozocubu's Armour         Ice            0%         N/A       96%         3
 Teleport Other           Tloc           0%         N/A       96%         3
 Vampiric Draining        Necr           0%         2d6       96%         3
 Cause Fear               Hex            0%         N/A       100%        4
 Flame Wave               Conj/Fire      0%         2d4       100%        4
 Metabolic Englaciation   Hex/Ice        0%         N/A       100%        5
 Dispersal                Tloc           0%         N/A       100%        6
 Discord                  Hex            0%         N/A       100%        8
 Summon Cactus Giant      Summ           Unusable   N/A       N/A         6

Dungeon Overview and Level Annotations

Branches:
Dungeon (9/15)             Temple (1/1) D:4
   Lair: D:8-11         Orc: D:9-12

Altars:
Ashenzari
Cheibriados
Dithmenos
Elyvilon
Fedhas
Gozag
Hepliaklqana
Kikubaaqudgha
Makhleb
Nemelex Xobeh
Okawaru
Qazlal
Sif Muna
Trog
Uskayaw
Vehumet
Wu Jian
Xom
Yredelemnul
Zin
The Shining One

Shops:
D:4 !   D:5 !:   D:6 ?


Innate Abilities, Weirdness & Mutations

You have a pair of horns on your head.
You reflexively headbutt those who attack you in melee.


Message History

The wyvern bites you!
* * * LOW HITPOINT WARNING * * *
Fire: a) +0 shortbow
Press: ? - help, Q - select action, (/) - cycle Shift-Dir - straight line, f/p - wyvern
Aim: a wyvern (heavily wounded, 71% to hit)
You shoot an arrow. The arrow barely misses the wyvern.
The wyvern bites you!
* * * LOW HITPOINT WARNING * * *
You feel better. The wyvern closely misses you. You furiously retaliate!
You headbutt the wyvern. The wyvern barely misses you.
Fire: a) +0 shortbow
Press: ? - help, Q - select action, (/) - cycle Shift-Dir - straight line, f/p - wyvern
Aim: a wyvern (severely wounded, 71% to hit)
You shoot an arrow.
The arrow hits the wyvern but does no damage.
The wyvern is severely wounded.
The wyvern misses you. You furiously retaliate!
You headbutt the wyvern.
Fire: a) +0 shortbow
Press: ? - help, Q - select action, (/) - cycle Shift-Dir - straight line, f/p - wyvern
Aim: a wyvern (severely wounded, 71% to hit)
You shoot an arrow. The arrow hits the wyvern.
The wyvern is almost dead.
The wyvern bites you!
* * * LOW HITPOINT WARNING * * *
The wyvern bites you.
* * * LOW HITPOINT WARNING * * *
Fire: a) +0 shortbow
Press: ? - help, Q - select action, (/) - cycle Shift-Dir - straight line, f/p - wyvern
Aim: a wyvern (almost dead, 71% to hit)
You shoot an arrow. The arrow barely misses the wyvern.
The wyvern bites you.
* * * LOW HITPOINT WARNING * * *
The wyvern misses you.
Fire: a) +0 shortbow
Press: ? - help, Q - select action, (/) - cycle Shift-Dir - straight line, f/p - wyvern
Aim: a wyvern (almost dead, 71% to hit)
You shoot an arrow. The arrow hits the wyvern.
The wyvern is almost dead.
The wyvern bites you.
You die...

#.#. #.#. #.#. .# #.#) . #.#)
###. #.#. ... ########### #... ♣
..# #.........#######.#. ♣.♣P#
#..@l.....#...#...). ..♣.#
####.....)).(#...#.....
.⌠P.#######.......#....))))......
.4....(..##.......#.########...♣.
.##.####.##.......#.# #..........
#.#...^##.......#.# #.####...♣♣
#.#.............#.###.# #.....
###.#######.......#.#...# #.....
#.......# #######.#.#.### #.....


You could see a wyvern.

Vanquished Creatures
  An orange demon (D:9)
  An ice devil (D:9)
  A red devil (D:9)
  A hornet (D:8)
  Sigmund (D:6)
  A wraith (D:9)
  2 steam dragons
  An orc warrior (D:8)
  An ice beast (D:8)
  A sky beast (D:7)
  5 black bears
  4 centaurs
  A kobold brigand (D:8)
  3 bullfrogs
  2 necrophages
  2 scorpions
  4 howler monkeys
  A jelly (D:5)
  10 orc priests
  2 gnoll boudas
  6 iguanas
  6 orc wizards
  7 gnolls
  11 adders
  A shadow imp (D:6)
  2 white imps (D:6)
  An ufetubus (D:5)
  A worm (D:4)
  4 dart slugs
  35 orcs
  6 endoplasms
  15 giant cockroaches
  8 goblins
  4 hobgoblins
  8 jackals (D:2)
  2 quokkas
  11 ball pythons
  6 bats
  A frilled lizard (D:1)
  6 kobolds
  7 rats
193 creatures vanquished.

Vanquished Creatures (others)
  4 demonic plants (D:9)
  3 plants (D:2)
7 creatures vanquished.

Grand Total: 200 creatures vanquished

Notes
Turn   | Place    | Note
-------+----------+-------------------------------------------
     0 | D:1      | safid the Minotaur Hunter began the quest for the Orb.
     0 | D:1      | Reached XP level 1. HP: 18/18 MP: 0/0
   189 | D:1      | Reached XP level 2. HP: 25/25 MP: 1/1
   447 | D:1      | Found a faded altar of an unknown god.
  1152 | D:2      | Reached skill level 5 in Ranged Weapons
  1152 | D:2      | Reached XP level 3. HP: 31/31 MP: 2/2
  1468 | D:2      | Reached XP level 4. HP: 38/40 MP: 3/3
  1611 | D:2      | Found a shimmering altar of Xom.
  1646 | D:2      | Identified the +2 ring mail "Gor Xun" {Slay+2}
  1925 | D:3      | Noticed a centaur
  1932 | D:3      | Killed a centaur
  1933 | D:3      | Reached skill level 5 in Fighting
  1933 | D:3      | Reached skill level 6 in Ranged Weapons
  1933 | D:3      | Reached XP level 5. HP: 31/48 MP: 4/4
  2469 | D:3      | Found a radiant altar of Vehumet.
  2484 | D:3      | Reached XP level 6. HP: 56/56 MP: 5/5
  3131 | D:4      | Reached skill level 7 in Ranged Weapons
  3228 | D:4      | Found a staircase to the Ecumenical Temple.
  3239 | Temple   | Entered the Ecumenical Temple
  3451 | D:4      | Found a broken altar of Ashenzari.
  3469 | D:4      | Reached XP level 7. HP: 63/64 MP: 6/6
  3471 | D:4      | Found a glowing golden altar of the Shining One.
  3471 | D:4      | Found a hazy altar of Hepliaklqana.
  3488 | D:4      | Found a basalt altar of Yredelemnul.
  3488 | D:4      | Found an iron altar of Okawaru.
  3542 | D:4      | Became a worshipper of Warmaster Okawaru
  4062 | D:4      | Found Lopnoife's Distillery.
  4071 | D:4      | Bought a potion of degeneration for 14 gold pieces
  4071 | D:4      | Bought a potion of heal wounds for 70 gold pieces
  4071 | D:4      | Bought a potion of curing for 42 gold pieces
  4071 | D:4      | Bought a potion of haste for 140 gold pieces
  4141 | D:5      | Entered Level 5 of the Dungeon
  4246 | D:5      | Found Ahuidargh's Book Shop.
  4316 | D:5      | Reached skill level 1 in Invocations
  4999 | D:5      | Found Duloaxt's Distillery.
  5246 | D:6      | Reached skill level 8 in Ranged Weapons
  5266 | D:6      | Reached XP level 8. HP: 74/74 MP: 9/9
  5280 | D:6      | Found Munar's Magic Scroll Boutique.
  5300 | D:6      | Reached * piety under Okawaru
  5374 | D:6      | Bought a scroll of identify for 28 gold pieces
  5374 | D:6      | Bought a scroll of teleportation for 42 gold pieces
  5584 | D:6      | Noticed Sigmund
  6268 | D:6      | Got Dimnur's Handbook of Congelation
  6419 | D:6      | Killed Sigmund
  6652 | D:6      | Reached skill level 9 in Ranged Weapons
  7413 | D:5      | Bought a potion of heal wounds for 50 gold pieces
  7551 | D:7      | Reached skill level 5 in Invocations
  7760 | D:7      | Reached ** piety under Okawaru
  7923 | D:7      | Reached XP level 9. HP: 75/81 MP: 12/12
  8455 | D:8      | Found an opulent altar of Gozag.
  8455 | D:8      | Found an ornate altar of the Wu Jian Council.
  8488 | D:8      | Reached skill level 10 in Ranged Weapons
  8857 | D:8      | Found a stormy altar of Qazlal.
  8994 | D:5      | Bought a potion of curing for 30 gold pieces
  8994 | D:5      | Bought a potion of haste for 100 gold pieces
  8994 | D:5      | Bought a potion of heal wounds for 50 gold pieces
 10435 | D:9      | Noticed a red devil
 10438 | D:9      | Noticed an orange demon
 10456 | D:9      | Killed a red devil
 10457 | D:9      | Reached skill level 11 in Ranged Weapons
 10458 | D:9      | Reached *** piety under Okawaru
 10464 | D:9      | Killed an orange demon
 10728 | D:9      | Reached XP level 10. HP: 49/88 MP: 15/15
 10983 | D:9      | HP: 2/88 [wyvern (4)]
 10984 | D:9      | Noticed a rust devil
 11230 | D:9      | HP: 2/88 [wyvern (4)]
 11231 | D:9      | Slain by a wyvern

Illustrated notes

Levels and vault maps discovered:
D:1:      kilobyte_arrival_exit_the_forest, layout_basic,
          hellmonk_ecumenical_altar_zigzags, bh_walls_and_bars
D:2:      layout_rooms, basic_altar, minmay_shallow_snake_nest
D:3:      minmay_roachtagon, layout_basic, lemuel_round_altar, minmay_pentangle
D:4:      layout_basic, grunt_temple_overflow_open,
          minmay_temple_entry_antechambers, serial_shops,
          nicolae_shop_temple_entry_statues_fountains
D:5:      layout_loops_ring, serial_shops, shop, nicolae_diamond_shop,
          kennysheep_generic_room_9
D:6:      layout_basic, serial_shops, shop, kennysheep_generic_room_12,
          uniq_sigmund
D:7:      layout_basic
D:8:      layout_gridville, lemuel_crystal_altar,
          gammafunk_temple_overflow_elements, hangedman_decor_points,
          minmay_fractal_squares_5
D:9:      layout_basic, orc_0_dummy, serial_demonic, serial_demonic_b,
          serial_demonic_e, serial_demonic_f, serial_demonic_e,
          lemuel_flame_loot_1
Temple:   chequers_temple_sunken

Skill      XL: |  1  2  3  4  5  6  7  8  9 |
---------------+----------------------------+-----
Fighting       | 3 4 5 6 7 8 |  8.0
Ranged Weapons | 5 6 7 8 9 11 | 11.7
Invocations    | 2 5 8 |  8.5
Dodging        | |  2.1
Stealth        | |  0.7

Action                   |  1- 3 |  4- 6 |  7- 9 | 10-12 || total
-------------------------+-------+-------+-------+-------++-------
 Fire: Shortbow          |    75 |   166 |   405 |    41 ||   687
Invok: Heroism           |       |       |     2 |     1 ||     3
  Use: Potion            |       |       |     7 |     3 ||    10
       Scroll            |       |       |    10 |     4 ||    14
Armor: Leather armour    |    19 |       |       |       ||    19
       Ring mail         |       |    30 |    71 |     5 ||   106
Dodge: Dodged            |    57 |    81 |   159 |    15 ||   312
